 Dungeon Crawl Stone Soup version 0.30-a0-528-g8c47a4955b (webtiles) character file.

Game seed: 16317256472956867145

359 bande the Covered (level 6, -1/39 HPs)
             Began as a Gargoyle Fighter on Dec 24, 2022.
             Slain by a vampire mosquito (4 damage)
             ... on level 5 of the Dungeon.
             The game lasted 00:04:35 (3025 turns).

bande the Covered (Gargoyle Fighter)                Turns: 3025, Time: 00:04:35

Health: -1/39      AC: 17    Str: 20    XL:     6   Next: 65%
Magic:  6/6        EV:  7    Int:  8    God:
Gold:   173        SH:  4    Dex: 11    Spells: 5/5 levels left

rFire   . . .      SeeInvis .    a - +1 war axe
rCold   . . .      Faith    .    c - +0 buckler
rNeg    + . .      Spirit   .    r - +0 chain mail
rPois   ∞          Reflect  .    (no helmet)
rElec   +          Harm     .    j - +2 cloak
rCorr   .          Rampage  .    (no gloves)
Will    .....                    (no boots) Stlth
                                 (no amulet)
HPRegen 0.26/turn                (no ring)
MPRegen 0.10/turn                (no ring)

@: no status effects
A: sickness immunity, AC +4, negative energy resistance 1, electricity
resistance, torment resistance 1, petrification resistance
a: no special abilities


You were on level 5 of the Dungeon.
You visited 1 branch of the dungeon, and saw 4 of its levels.

You collected 173 gold pieces.

Inventory:

Hand Weapons
 a - a +1 war axe (weapon)
Armour
 c - a +0 buckler (worn)
 j - a +2 cloak (worn)
 r - a +0 chain mail (worn)
Potions
 d - 4 potions of might
 e - 4 potions of degeneration {unknown}
 h - 3 potions of cancellation {unknown}
 k - a potion of magic {unknown}
 l - a potion of lignification {unknown}
 n - 3 potions of attraction {unknown}
 o - a potion of resistance {unknown}
 p - 4 potions of heal wounds {unknown}
 q - 2 potions of brilliance {unknown}


   Skills:
 + Level 4.5 Fighting
 + Level 4.4 Axes
 + Level 4.8 Armour
 - Level 0.2 Dodging
 + Level 3.9 Shields


You had 5 spell levels left.
You didn't know any spells.
Your spell library was empty.

Dungeon Overview and Level Annotations

Branches:
Dungeon (3/15)

Altars:


Innate Abilities, Weirdness & Mutations

You are immune to sickness and miasma.
Your stone body is resilient. (AC +4)
You are immune to poison.
You resist negative energy. (rN+)
You are resistant to electric shocks. (rElec)
You are resistant to unholy torment.
You are immune to petrification.


Message History

* * * LOW HITPOINT WARNING * * *
The vampire mosquito bites you but does no damage.
The vampire mosquito bites you but does no damage.
The vampire mosquito attacks as you move away!
The vampire mosquito bites you but does no damage.
The vampire mosquito bites you.
* * * LOW HITPOINT WARNING * * *
The vampire mosquito attacks as you move away!
The vampire mosquito barely misses you.
Your attacks no longer feel as feeble.
The vampire mosquito bites you but does no damage.
The vampire mosquito bites you but does no damage.
The iguana hisses menacingly.
The vampire mosquito attacks as you move away!
The vampire mosquito bites you but does no damage.
The vampire mosquito completely misses you.
The vampire mosquito attacks as you move away!
The vampire mosquito bites you but does no damage.
The vampire mosquito bites you but does no damage.
You block the vampire mosquito's attack.
The vampire mosquito barely misses you.
You block the vampire mosquito's attack.
The vampire mosquito barely misses you.
The vampire mosquito bites you but does no damage.
The vampire mosquito bites you.
* * * LOW HITPOINT WARNING * * *
The vampire mosquito bites you.
* * * LOW HITPOINT WARNING * * *
You open the door.
You block the vampire mosquito's attack.
The vampire mosquito bites you but does no damage.
Found 7 stones.
Found a stone staircase leading up.
There is an open door here.
The vampire mosquito bites you but does no damage.
You see here 7 stones.
The vampire mosquito bites you but does no damage.
There is a stone staircase leading up here.
The vampire mosquito barely misses you. The vampire mosquito bites you.
You die...

######### #.......# #.#####)#
########### #.# ###'########
#.........###.###..........#
#.........+.#.#.W..........#
#.........#.#.#y#..........#
#.........#.#.#@#.#g########
#.........#.#.###.#.#
########..........#.# *
#############g# ###**
#......l.g....#
+...####.############# ******
**#....#.#########*******,,,,*
* *###)...........,,,,,,,,>,,*
* #......g..#.###*******,,,,*


You could see a vampire mosquito and a phantom.

Vanquished Creatures
  A black bear (D:5)
  2 orc priests (D:5)
  Terence (D:3)
  Natasha (thrice) (D:2)
  3 adders (D:2)
  2 worms (D:2)
  4 dart slugs
  4 orcs (D:5)
  2 ball pythons (D:2)
  5 bats
  3 endoplasms
  2 giant cockroaches
  10 goblins
  8 hobgoblins
  6 jackals (D:1)
  A quokka (D:1)
  3 frilled lizards
  4 kobolds
  3 rats
67 creatures vanquished.

Notes
Turn   | Place    | Note
-------+----------+-------------------------------------------
     0 | D:1      | bande the Gargoyle Fighter began the quest for the Orb.
     0 | D:1      | Reached XP level 1. HP: 14/14 MP: 1/1
   146 | D:1      | Reached XP level 2. HP: 19/19 MP: 2/2
   292 | D:1      | Found a faded altar of an unknown god.
   303 | D:1      | Reached XP level 3. HP: 24/24 MP: 3/3
  1233 | D:2      | Found the +8 arc blade {discharge, rElec}
  1287 | D:2      | Reached XP level 4. HP: 29/29 MP: 4/4
  1653 | D:2      | Noticed Natasha
  1658 | D:2      | Killed Natasha
  1806 | D:2      | Reached XP level 5. HP: 33/33 MP: 5/5
  1809 | D:2      | Noticed Natasha
  1821 | D:2      | Killed Natasha
  2158 | D:2      | Noticed Natasha
  2165 | D:2      | Killed Natasha
  2315 | D:3      | Noticed Terence
  2325 | D:3      | Killed Terence
  2501 | D:3      | You fall into a shaft and drop 2 floors!
  2501 | D:5      | Entered Level 5 of the Dungeon
  2520 | D:5      | Noticed a black bear
  2532 | D:5      | Killed a black bear
  2533 | D:5      | Reached XP level 6. HP: 25/39 MP: 6/6
  2621 | D:5      | HP: 1/39 [orc priest/+0 club (2)]
  2990 | D:5      | Noticed a vampire mosquito
  2996 | D:5      | Noticed an ice beast
  3008 | D:5      | HP: 1/39 [vampire mosquito (6)]
  3020 | D:5      | HP: 1/39 [vampire mosquito (2)]
  3025 | D:5      | Slain by a vampire mosquito

Illustrated notes

Levels and vault maps discovered:
D:1:      dpeg_arrival_circle_labyrinth_c, layout_basic,
          hellmonk_ecumenical_altar_arch_garden
D:2:      layout_basic, mrwooster_statue_mirror, nicolae_underground_beach,
          uniq_natasha
D:3:      layout_loops_corners, elyvilon_altar_5, mainiacjoe_overflow_alcove_2,
          uniq_terence
D:5:      cheibrodos_fzero, layout_basic, uniq_ijyb

Skill      XL: |  1  2  3  4  5 |
---------------+----------------+-----
Axes           | 2 3 4 |  4.4
Armour         | 4 |  4.8
Fighting       | 4 |  4.5
Dodging        | |  0.2
Shields        | |  3.9

Action                   |  1- 3 |  4- 6 || total
-------------------------+-------+-------++-------
Melee: War axe           |    85 |   138 ||   223
  Use: Scroll            |       |     4 ||     4
Armor: Scale mail        |    54 |    34 ||    88
       Chain mail        |       |    73 ||    73
Dodge: Dodged            |    51 |    78 ||   129
Block: Buckler           |    12 |    36 ||    48

Table legend: (Time is in decaauts)
 A = Elapsed time spent in this place.
 B = Non-inter-level travel time spent in this place.
 C = Inter-level travel time spent in this place.
 D = Time resting spent in this place.
 E = Time spent auto-exploring this place.
 F = Levels seen in this place.
 G = Mean time per level.
                   A        B        C        D        E       F      G
               +--------+--------+--------+--------+--------+-----+--------+
         Total |   3121 |   3056 |     65 |    337 |   1999 |   4 |  780.2 |
       Dungeon |   3121 |   3056 |     65 |    337 |   1999 |   4 |  780.2 |
               +--------+--------+--------+--------+--------+-----+--------+

Top non-repeatable levels by time:
     D:1: 1176 daAuts
     D:2: 1128 daAuts
     D:5: 540 daAuts
     D:3: 276 daAuts
